 Dungeon Crawl Stone Soup version 0.23.1-37-gaa34b87 (webtiles) character file.

Game seed: 0

12261 esteth the Thaumaturge (level 11, -4/83 HPs)
             Began as a Gnoll Wizard on Mar 17, 2019.
             Was a Follower of Ashenzari.
             Slain by a red ugly thing (20 damage)
             ... on level 10 of the Dungeon on Mar 21, 2019.
             The game lasted 00:40:39 (17100 turns).

esteth the Thaumaturge (Gnoll Wizard)              Turns: 17100, Time: 00:40:40

Health: -4/83      AC: 16    Str: 10    XL:     11   Next: 90%
Magic:  16/24      EV: 16    Int: 23    God:    Ashenzari [*.....]
Gold:   694        SH:  9    Dex: 14    Spells: 11/29 levels left

rFire    . . .     SeeInvis .   E - +2 flail (crush)
rCold    . . .     Gourm    .   w - +0 buckler
rNeg     . . .     Faith    .   L - +0 acid dragon scales
rPois    .         Spirit   .   b - +0 hat
rElec    .         Reflect  +   (no cloak)
rCorr    +         Harm     .   x - +2 pair of gloves (curse)
MR       .....                  p - +0 pair of boots
Stlth    +++.......             A - +3 amulet of reflection (curse)
HPRegen  0.23/turn              f - ring of resist corrosion (curse)
MPRegen  0.19/turn              l - +4 ring of protection (curse)

@: no status effects
A: distributed training, fangs 1, strong nose
a: Curse Item, Scrying, Renounce Religion


You were on level 10 of the Dungeon.
You worshipped Ashenzari.
Ashenzari was aware of your devotion.
You were not hungry.

You visited 1 branch of the dungeon, and saw 12 of its levels.

You collected 694 gold pieces.

Inventory:

Hand Weapons
 e - a +0 short sword
 E - a +2 flail of crushing (weapon)
Armour
 a - a +0 robe
 b - a +0 hat (worn)
 h - a +0 pair of gloves
 p - a +0 pair of boots (worn)
 w - a +0 buckler (worn)
 x - a cursed +2 pair of gloves (worn)
 z - a +0 hat
 L - +0 acid dragon scales (worn)
Jewellery
 f - a cursed ring of resist corrosion (left hand)
 l - a cursed +4 ring of protection (right hand)
 v - an uncursed ring of ice
 A - a cursed +3 amulet of reflection (around neck)
 C - an uncursed ring of positive energy
 J - an uncursed ring of protection from cold
Wands
 k - a wand of iceblast (9)
 y - a wand of polymorph (4)
 I - a wand of digging (8)
Scrolls
 c - 4 scrolls of magic mapping
 g - 8 scrolls of teleportation
 i - 3 scrolls of enchant armour {unknown}
 m - 9 scrolls of identify
 r - 4 scrolls of enchant weapon {unknown}
 s - a scroll of fog {unknown}
 B - a scroll of random uselessness {unknown}
 D - 2 scrolls of amnesia {unknown}
 H - a scroll of torment {unknown}
 M - a scroll of immolation {unknown}
Potions
 j - a potion of might
 n - 3 potions of heal wounds {unknown}
 o - 2 potions of brilliance {unknown}
 q - 2 potions of flight {unknown}
 t - a potion of ambrosia {unknown}
 u - 3 potions of lignification {unknown}
 G - 3 potions of agility {unknown}
 K - a potion of magic {unknown}
Comestibles
 d - 22 rations


   Skills:
 + Level 6.6 Fighting
 + Level 6.6 Short Blades
 + Level 6.6 Long Blades
 + Level 6.6 Axes
 + Level 6.6 Maces & Flails
 + Level 6.6 Polearms
 + Level 6.6 Staves
 + Level 6.6 Slings
 + Level 6.6 Bows
 + Level 6.6 Crossbows
 + Level 6.6 Throwing
 + Level 6.6 Armour
 + Level 8.1 Dodging
 + Level 7.9 Stealth
 + Level 6.6 Shields
 + Level 6.6 Unarmed Combat
 + Level 9.8 Spellcasting
 + Level 5.9 Conjurations
 + Level 5.5 Hexes
 + Level 5.5 Charms
 + Level 5.9 Summonings
 + Level 5.5 Necromancy
 + Level 5.9 Translocations
 + Level 5.5 Transmutations
 + Level 5.5 Fire Magic
 + Level 5.5 Ice Magic
 + Level 5.5 Air Magic
 + Level 5.5 Earth Magic
 + Level 5.5 Poison Magic
 + Level 7.2 Invocations
 + Level 6.6 Evocations


You had 11 spell levels left.
You knew the following spells:

 Your Spells              Type           Power        Failure   Level  Hunger
a - Magic Dart            Conj           ####         1%          1    None
b - Blink                 Tloc           N/A          1%          2    None
c - Call Imp              Summ           #####...     1%          2    None
d - Conjure Flame         Conj/Fire      #####...     2%          3    None
e - Mephitic Cloud        Conj/Pois/Air  #####...     2%          3    None
f - Summon Lightning Spi  Summ/Air       #####...     9%          4    ##.....
g - Regeneration          Chrm/Necr      #####.....   2%          3    None

Your spell library contained the following spells:

 Spells                   Type           Power        Failure   Level  Hunger
 Animate Skeleton         Necr           N/A          1%          1    None
 Pain                     Necr           ####         1%          1    None
 Summon Small Mammal      Summ           ####         1%          1    None
 Slow                     Hex            #####...     1%          2    None
 Call Canine Familiar     Summ           #####...     2%          3    None
 Summon Guardian Golem    Hex/Summ       #####...     2%          3    None
 Vampiric Draining        Necr           #####.....   2%          3    None
 Animate Dead             Necr           N/A          9%          4    ##.....
 Summon Ice Beast         Ice/Summ       #####...     9%          4    ##.....


Dungeon Overview and Level Annotations

Branches:
Dungeon (12/15)            Temple (0/1) D:7             Orc (0/2) D:10
   Lair: D:8-11

Altars:
Ashenzari
Dithmenos
Elyvilon
Hepliaklqana
Kikubaaqudgha
Qazlal
Trog
The Shining One
Jiyva

Annotations:
D:4 exclusion: ogre
D:6 exclusion: hornet
D:11 exclusion: 2 ugly things


Innate Abilities, Weirdness & Mutations

Your experience applies equally to all skills.
You have very sharp teeth.
Your uncanny sense of smell can sniff out nearby items.


Message History

Casting: Summon Lightning Spire (safe; 9% risk of failure)
Confirm with . or Enter, or press ? or * to list all spells.
Aiming: Mephitic Cloud (safe; 2% risk of failure)
Press: ? - help, Shift-Dir - straight line The ball explodes into a vile cloud!
The stinking cloud engulfs the red ugly thing but does no damage.
The red ugly thing is severely wounded.
You block the red ugly thing's attack.
Casting: Mephitic Cloud (safe; 2% risk of failure)
Confirm with . or Enter, or press ? or * to list all spells.
Aiming: Mephitic Cloud (safe; 2% risk of failure)
Press: ? - help, Shift-Dir - straight line The ball explodes into a vile cloud!
The stinking cloud engulfs the red ugly thing but does no damage.
The red ugly thing is severely wounded.
The red ugly thing is engulfed in noxious fumes.
The red ugly thing gores you!
* * * LOW HITPOINT WARNING * * *
You are engulfed in flames!!
You die...

..######.###.## #.#.#.#
.........# #.# #.....# .#########
#.# ###.### .# ##+# #.# # .####
##...## #.# # ....# ##.....##
#####.##### # .#..# ##.......##
#.........# #
...|####.......8.####...#.###.###
.......+.....○○u@'...............
#...####.....☼○§.####...#.###.#.#
##..# ##....††☼## #..##.# #.#.#
###.# ##.....## #.###.# #.#.#
###.# ##...## #.###.###.#.. ....#
##+# #....[....### ##### #.#
#####.##### # #.# #.# # ##.## #.#


You could see a red ugly thing and a friendly lightning spire.

Vanquished Creatures
  A two-headed ogre (D:11)
  A manticore (D:11)
  An ugly thing (D:11)
  A cyclops (D:9)
  A hippogriff (D:11)
  Sigmund (D:6)
  3 wraiths
  14 yaks
  Grum (D:9)
  A hungry ghost (D:11)
  Edmund (D:6)
  An acid dragon (D:11)
  3 wargs (D:10)
  Duvessa (D:7)
  3 porcupines (D:9)
  2 orc warriors (D:7)
  2 ice beasts
  2 sky beasts
  7 ogres
  A necrophage (D:7)
  A phantom (D:7)
  2 wolves (D:9)
  4 centaurs
  3 crocodiles
  A big kobold (D:7)
  8 bullfrogs
  Dowan (D:7)
  A wyvern skeleton (D:4)
  7 wights
  8 killer bees
  3 howler monkeys (D:10)
  4 crimson imps
  2 bullfrog zombies
  A centaur zombie (D:8)
  4 human zombies (D:7)
  A quasit (D:7)
  9 jellies
  An orc priest (D:7)
  4 hounds
  3 centaur skeletons
  3 bullfrog skeletons
  10 orc wizards
  3 human skeletons (D:7)
  8 worker ants
  6 iguanas
  A killer bee zombie (D:7)
  A hound skeleton (D:5)
  2 mummies (D:7)
  A worker ant zombie (D:6)
  Robin (D:4)
  A howler monkey skeleton (D:4)
  13 adders
  2 shadow imps
  6 oozes
  3 worms
  5 leopard geckos
  41 orcs
  3 ball pythons
  4 giant cockroaches
  9 hobgoblins
  2 jackals (D:1)
  7 kobolds
  7 quokkas
  4 bats (D:2)
  6 frilled lizards
  A giant cockroach zombie (D:5)
  10 goblins
  An orc skeleton (D:7)
  A quokka skeleton (D:8)
  4 rats
282 creatures vanquished.

Vanquished Creatures (collateral kills)
  A cyclops (D:11)
  2 trolls
  A hippogriff (shapeshifter) (D:10)
  A yak (D:9)
  An orc warrior (D:11)
  An eye of draining (D:10)
  A bullfrog (D:10)
  A scorpion (D:10)
  A killer bee (D:9)
  4 wights (D:10)
  2 crimson imps
  2 orc priests (D:11)
  2 orc wizards
  A hound skeleton (D:5)
  2 adders
  A worm (D:3)
  3 orcs
27 creatures vanquished.

Vanquished Creatures (others)
  A wizard (D:8)
  A fungus (D:9)
  2 plants (D:9)
4 creatures vanquished.

Grand Total: 313 creatures vanquished

Notes
Turn   | Place    | Note
-------+----------+-------------------------------------------
     0 | D:1      | esteth the Gnoll Wizard began the quest for the Orb.
     0 | D:1      | Reached XP level 1. HP: 13/13 MP: 8/8
   280 | D:1      | Upgraded the game from 0.23.1 to 0.23.1-37-gaa34b87
   395 | D:1      | You fall through a shaft!
   402 | D:2      | Reached XP level 2. HP: 19/19 MP: 2/10
   466 | D:2      | Learned a level 2 spell: Blink
   469 | D:2      | Learned a level 2 spell: Call Imp
  1251 | D:2      | Found a shadowy altar of Dithmenos.
  1253 | D:2      | Found a hazy altar of Hepliaklqana.
  1376 | D:2      | Reached XP level 3. HP: 25/25 MP: 1/11
  1482 | D:2      | Reached skill level 1 in Invocations
  1649 | D:2      | Reached skill level 1 in Fighting
  1649 | D:2      | Reached skill level 1 in Short Blades
  1649 | D:2      | Reached skill level 1 in Long Blades
  1649 | D:2      | Reached skill level 1 in Axes
  1649 | D:2      | Reached skill level 1 in Maces & Flails
  1649 | D:2      | Reached skill level 1 in Polearms
  1649 | D:2      | Reached skill level 1 in Staves
  1649 | D:2      | Reached skill level 1 in Slings
  1649 | D:2      | Reached skill level 1 in Bows
  1649 | D:2      | Reached skill level 1 in Crossbows
  1649 | D:2      | Reached skill level 1 in Throwing
  1649 | D:2      | Reached skill level 1 in Armour
  1649 | D:2      | Reached skill level 1 in Shields
  1649 | D:2      | Reached skill level 1 in Unarmed Combat
  1649 | D:2      | Reached skill level 1 in Evocations
  1649 | D:2      | Reached XP level 4. HP: 32/32 MP: 7/13
  1838 | D:2      | You fall through a shaft for 2 floors!
  2176 | D:2      | Reached skill level 1 in Hexes
  2176 | D:2      | Reached skill level 1 in Charms
  2176 | D:2      | Reached skill level 1 in Necromancy
  2176 | D:2      | Reached skill level 1 in Transmutations
  2176 | D:2      | Reached skill level 1 in Fire Magic
  2176 | D:2      | Reached skill level 1 in Ice Magic
  2176 | D:2      | Reached skill level 1 in Air Magic
  2176 | D:2      | Reached skill level 1 in Earth Magic
  2176 | D:2      | Reached skill level 1 in Poison Magic
  2380 | D:3      | Reached XP level 5. HP: 37/37 MP: 14/14
  2416 | D:3      | Learned a level 3 spell: Conjure Flame
  2428 | D:3      | Learned a level 3 spell: Mephitic Cloud
  3348 | D:3      | Found a white marble altar of Elyvilon.
  3475 | D:4      | Noticed an ogre
  3517 | D:4      | Reached XP level 6. HP: 35/44 MP: 1/16
  3934 | D:4      | Noticed Robin
  3948 | D:4      | Killed Robin
  3948 | D:4      | Reached skill level 5 in Dodging
  4369 | D:4      | Reached XP level 7. HP: 31/50 MP: 9/18
  4930 | D:5      | Entered Level 5 of the Dungeon
  5752 | D:5      | Reached skill level 5 in Stealth
  6177 | D:6      | Reached XP level 8. HP: 36/57 MP: 12/19
  6663 | D:6      | Noticed a hornet
  7380 | D:6      | Noticed Sigmund
  7382 | D:6      | Noticed Edmund
  7388 | D:6      | Killed Sigmund
  7388 | D:6      | Reached skill level 8 in Spellcasting
  7438 | D:6      | Killed Edmund
  7784 | D:7      | Found a shattered altar of Ashenzari.
  7799 | D:7      | Became a worshipper of Ashenzari the Shackled
  7863 | D:7      | Reached XP level 9. HP: 53/65 MP: 14/21
  8206 | D:7      | Found a staircase to the Ecumenical Temple.
  8780 | D:7      | Found an ancient bone altar of Kikubaaqudgha.
  9024 | D:7      | Noticed Duvessa
  9029 | D:7      | Noticed Dowan
  9431 | D:7      | Killed Duvessa
  9442 | D:7      | Killed Dowan
  9653 | D:7      | Reached skill level 5 in Invocations
 10071 | D:7      | Reached XP level 10. HP: 66/73 MP: 17/22
 10410 | D:8      | Found a glowing golden altar of the Shining One.
 10525 | D:8      | Found a bloodstained altar of Trog.
 10532 | D:8      | Learned a level 4 spell: Summon Lightning Spire
 10543 | D:8      | Noticed a wizard
 10546 | D:8      | Killed a wizard
 10819 | D:9      | Reached skill level 5 in Fighting
 10819 | D:9      | Reached skill level 5 in Short Blades
 10819 | D:9      | Reached skill level 5 in Long Blades
 10819 | D:9      | Reached skill level 5 in Axes
 10819 | D:9      | Reached skill level 5 in Maces & Flails
 10819 | D:9      | Reached skill level 5 in Polearms
 10819 | D:9      | Reached skill level 5 in Staves
 10819 | D:9      | Reached skill level 5 in Slings
 10819 | D:9      | Reached skill level 5 in Bows
 10819 | D:9      | Reached skill level 5 in Crossbows
 10819 | D:9      | Reached skill level 5 in Throwing
 10819 | D:9      | Reached skill level 5 in Armour
 10819 | D:9      | Reached skill level 5 in Shields
 10819 | D:9      | Reached skill level 5 in Unarmed Combat
 10819 | D:9      | Reached skill level 5 in Evocations
 11043 | D:9      | Reached * piety under Ashenzari
 11049 | D:9      | Learned a level 3 spell: Regeneration
 11393 | D:9      | Reached skill level 9 in Spellcasting
 11917 | D:9      | Reached skill level 5 in Conjurations
 11917 | D:9      | Reached skill level 5 in Summonings
 11917 | D:9      | Reached skill level 5 in Translocations
 12448 | D:9      | Noticed a cyclops
 12458 | D:9      | Killed a cyclops
 12458 | D:9      | Reached XP level 11. HP: 81/81 MP: 18/24
 12677 | D:9      | Noticed Grum
 12825 | D:9      | Killed Grum
 12979 | D:10     | Entered Level 10 of the Dungeon
 12999 | D:10     | Noticed a red ugly thing
 13191 | D:10     | Found a staircase to the Orcish Mines.
 13758 | D:10     | Reached skill level 5 in Hexes
 13758 | D:10     | Reached skill level 5 in Charms
 13758 | D:10     | Reached skill level 5 in Necromancy
 13758 | D:10     | Reached skill level 5 in Transmutations
 13758 | D:10     | Reached skill level 5 in Fire Magic
 13758 | D:10     | Reached skill level 5 in Ice Magic
 13758 | D:10     | Reached skill level 5 in Air Magic
 13758 | D:10     | Reached skill level 5 in Earth Magic
 13758 | D:10     | Reached skill level 5 in Poison Magic
 14057 | D:10     | Found a stormy altar of Qazlal.
 14494 | D:10     | Found a viscous altar of Jiyva.
 14737 | D:11     | Noticed a cyclops
 14819 | D:11     | Killed a cyclops
 15454 | D:11     | Noticed a white ugly thing
 15531 | D:11     | Noticed a two-headed ogre
 15542 | D:11     | Killed a two-headed ogre
 15593 | D:11     | Noticed a red ugly thing
 15984 | D:11     | Noticed a red ugly thing
 15995 | D:11     | Killed a red ugly thing
 16448 | D:11     | Noticed a manticore
 16458 | D:11     | Killed a manticore
 17100 | D:10     | Slain by a red ugly thing

Skill      XL: |  1  2  3  4  5  6  7  8  9 10 11 |
---------------+----------------------------------+-----
Conjurations   | 2 3 4 5 |  5.9
Summonings     | 2 3 4 5 |  5.9
Translocations | 2 3 4 5 |  5.9
Invocations    | 1 2 3 4 5 6 7 |  7.2
Fighting       | 1 2 3 4 5 6 |  6.6
Short Blades   | 1 2 3 4 5 6 |  6.6
Long Blades    | 1 2 3 4 5 6 |  6.6
Axes           | 1 2 3 4 5 6 |  6.6
Maces & Flails | 1 2 3 4 5 6 |  6.6
Polearms       | 1 2 3 4 5 6 |  6.6
Staves         | 1 2 3 4 5 6 |  6.6
Slings         | 1 2 3 4 5 6 |  6.6
Bows           | 1 2 3 4 5 6 |  6.6
Crossbows      | 1 2 3 4 5 6 |  6.6
Throwing       | 1 2 3 4 5 6 |  6.6
Armour         | 1 2 3 4 5 6 |  6.6
Shields        | 1 2 3 4 5 6 |  6.6
Unarmed Combat | 1 2 3 4 5 6 |  6.6
Evocations     | 1 2 3 4 5 6 |  6.6
Hexes          | 1 2 3 4 5 |  5.5
Charms         | 1 2 3 4 5 |  5.5
Necromancy     | 1 2 3 4 5 |  5.5
Transmutations | 1 2 3 4 5 |  5.5
Fire Magic     | 1 2 3 4 5 |  5.5
Ice Magic      | 1 2 3 4 5 |  5.5
Air Magic      | 1 2 3 4 5 |  5.5
Earth Magic    | 1 2 3 4 5 |  5.5
Poison Magic   | 1 2 3 4 5 |  5.5
Dodging        | 5 6 7 8 |  8.1
Stealth        | 5 6 7 |  7.9
Spellcasting   | 8 9 |  9.8

Action                   |  1- 3 |  4- 6 |  7- 9 | 10-12 || total
-------------------------+-------+-------+-------+-------++-------
Melee: Unarmed           |    12 |       |     3 |       ||    15
       Bite              |     2 |    13 |    37 |    44 ||    96
       Short sword       |       |   126 |   111 |       ||   237
       Punch             |       |     1 |       |       ||     1
       Flail             |       |       |   216 |   479 ||   695
 Cast: Magic Dart        |    56 |   126 |   242 |   220 ||   644
       Call Imp          |       |     6 |     7 |     1 ||    14
       Blink             |       |     1 |     2 |       ||     3
       Conjure Flame     |       |       |    11 |     7 ||    18
       Mephitic Cloud    |       |       |    13 |    22 ||    35
       Summon Lightning  |       |       |       |    14 ||    14
       Regeneration      |       |       |       |     5 ||     5
Invok: Curse Item        |       |       |     3 |     1 ||     4
  Use: Scroll            |     4 |       |     4 |     1 ||     9
       Potion            |       |       |     1 |     3 ||     4
 Stab: Sleeping          |       |    10 |     2 |     7 ||    19
       Confused          |       |       |    13 |    16 ||    29
       Distracted        |       |       |     1 |     2 ||     3
  Eat: Chunk             |     2 |     8 |    14 |    17 ||    41
       Ration            |       |       |     1 |     3 ||     4
Armor: Robe              |     6 |    42 |    99 |   108 ||   255
       Acid dragon scale |       |       |       |    24 ||    24
Dodge: Dodged            |    16 |   123 |   230 |   319 ||   688
Block: Buckler           |       |       |   131 |   207 ||   338
       Reflection        |       |       |     2 |     4 ||     6
